 Dungeon Crawl Stone Soup version 0.22.1-1-ga44c0e5 (webtiles) character file.

270 Lovchig the Shield-Bearer (level 6, -6/56 HPs)
             Began as a Deep Dwarf Fighter on Sept 20, 2018.
             Mangled by an orc wizard
             ... wielding a +2 dagger of distortion
              (16 damage)
             ... on level 4 of the Dungeon.
             The game lasted 00:08:06 (2340 turns).

Lovchig the Shield-Bearer (Deep Dwarf Fighter)      Turns: 2340, Time: 00:08:08

Health: -6/56      AC:  9    Str: 21    XL:     6   Next: 1%
Magic:  4/4        EV:  8    Int:  9    God:
Gold:   123        SH: 10    Dex: 12    Spells: 5/5 levels left

rFire    . . .     SeeInvis .   a - +0 war axe
rCold    . . .     Gourm    .   c - +0 shield
rNeg     . . .     Faith    +   b - +0 scale mail
rPois    .         Spirit   .   o - +0 helmet
rElec    .         Reflect  .   n - +0 cloak
rCorr    .         Harm     .   (no gloves)
MR       .....                  (no boots)
Stlth    ..........             h - amulet of faith
HPRegen  0.00/turn              (no ring)
MPRegen  0.09/turn              (no ring)

@: lethally poisoned (-6 -> -6), non-regenerating
A: damage resistance, heal wounds, sense surroundings 1, no regeneration
a: Heal Wounds


You were on level 4 of the Dungeon.
You were not hungry.

You visited 1 branch of the dungeon, and saw 4 of its levels.

You collected 123 gold pieces.

Inventory:

Hand Weapons
 a - a +0 war axe (weapon)
Armour
 b - a +0 scale mail (worn)
 c - a +0 shield (worn)
 n - a +0 cloak (worn)
 o - a +0 helmet (worn)
Jewellery
 h - an amulet of faith (around neck)
Wands
 k - a wand of iceblast (8)
Scrolls
 i - a scroll of amnesia
 p - a scroll of teleportation
Potions
 d - 5 potions of might
 e - a potion of curing {unknown}
 j - a potion of invisibility
 l - a potion of lignification
 m - a potion of heal wounds
 q - a potion of resistance {unknown}
Comestibles
 f - 3 rations
 g - 4 chunks of flesh


   Skills:
 * Level 3.3 Fighting
 * Level 4.4 Axes
 * Level 4.3 Armour
 * Level 1.7 Dodging
 * Level 4.5 Shields


You had 5 spell levels left.
You didn't know any spells.
Your spell library was empty.

Dungeon Overview and Level Annotations

Branches:
Dungeon (4/15)
 Temple: D:4-7

Altars:
Okawaru
Vehumet


Innate Abilities, Weirdness & Mutations

You are resistant to damage.
You can heal yourself by infusing magical energy.
You passively map a small area around you.
You do not regenerate.


Message History

The magic dart hits you!
The orc priest casts a cantrip, but nothing happens.
The orc hits you but does no damage. You block the worker ant's attack.
The orc wizard hits you but does no damage.
Space warps horribly around you!
The orc priest hits you but does no damage.
You hit the orc but do no damage.
Your shield prevents you from hitting the orc wizard.
You closely miss the worker ant. You closely miss the orc priest.
You hear the slow hiss of a very distant avalanche of sand.
The orc wizard casts a spell at you. The magic dart hits you!
* * * LOW HITPOINT WARNING * * *
You block the orc's attack. The worker ant bites you.
* * * LOW HITPOINT WARNING * * *
You are poisoned.
The worker ant poisons you!
The orc wizard hits you but does no damage.
Space warps horribly around you!
You die...

##........#
#<........#######
##......#..###..########
#.......##..#..##
........##....##
........###>.##
........# #.#####
........###..#..##
.......###.......#
....... *#†.o@a..#*
,......# #.#.)oo...# , ,
#...........#
#............#* ,
#.#...........#
*...............#
.>..............., ,*
#.............. , ,


You could see a worker ant, an orc priest, an orc wizard and an orc.

Vanquished Creatures
  A hound (D:4)
  An orc priest (D:3)
  A worker ant (D:4)
  Robin (D:2)
  2 adders (D:2)
  6 gnolls (D:4)
  An ooze (D:3)
  2 dart slugs
  3 worms
  2 leopard geckos (D:2)
  6 orcs
  2 giant cockroaches
  13 goblins
  6 hobgoblins
  7 jackals
  5 kobolds
  3 quokkas
  10 bats
  A frilled lizard (D:1)
  8 rats
81 creatures vanquished.

Notes
Turn   | Place    | Note
-------+----------+-------------------------------------------
     0 | D:1      | Lovchig the Deep Dwarf Fighter began the quest for the Orb.
     0 | D:1      | Reached XP level 1. HP: 20/20 MP: 1/1
   433 | D:1      | Reached XP level 2. HP: 24/27 MP: 2/2
   635 | D:2      | Reached XP level 3. HP: 16/34 MP: 3/3
   910 | D:2      | Reached skill level 1 in Dodging
  1052 | D:2      | Reached XP level 4. HP: 18/42 MP: 4/4
  1074 | D:2      | Found an iron altar of Okawaru.
  1227 | D:2      | Noticed Robin
  1246 | D:2      | Killed Robin
  1596 | D:3      | Found a radiant altar of Vehumet.
  1700 | D:3      | Reached XP level 5. HP: 44/49 MP: 5/5
  2336 | D:4      | Reached XP level 6. HP: 31/56 MP: 4/4
  2340 | D:4      | Mangled by an orc wizard

Skill      XL: |  1  2  3  4  5 |
---------------+----------------+-----
Fighting       | 3 |  3.3
Axes           | 3 4 |  4.4
Dodging        | 1 |  1.7
Armour         | 4 |  4.3
Shields        | 4 |  4.5

Action                   |  1- 3 |  4- 6 || total
-------------------------+-------+-------++-------
Melee: War axe           |   149 |   137 ||   286
 Abil: Heal Wounds       |     1 |     6 ||     7
  Use: Scroll            |     6 |     3 ||     9
  Eat: Chunk             |     1 |     4 ||     5
Armor: Scale mail        |    78 |    90 ||   168
Dodge: Dodged            |    59 |    72 ||   131
Block: Shield            |    88 |   106 ||   194
